[Event "*** Titled Tuesday Blitz"]
[Site "Chess.com"]
[Date "2019.08.06"]
[Round "6"]
[White "Kubas1010"]
[Black "WPWPWP-2015"]
[Result "0-1"]
[WhiteElo "2562"]
[BlackElo "2424"]
[TimeControl "180+2"]
[EndTime "14:21:53 PDT"]
[Termination "WPWPWP-2015 won by resignation"]

1. d4 Nf6 2. c4 e6 3. Nf3 b6 4. a3 Bb7 5. Bf4 Be7 6. Nc3 O-O 7. d5 exd5 8. cxd5 d6 9. e4 Nbd7 10. Bd3 Ng4 11. O-O Bf6 12. Rc1 a6 13. Bb1 g6 14.
Nd4 Nge5 15. Bh6 Re8 16. Be3 Nc4 17. Re1 Nxe3 18. Rxe3 Bg5 19. Qe2 Nf6 20. Rd1 Bxe3 21. Qxe3 Nxd5 22. Nxd5 Bxd5 23. Nf5 Be6 24. Qc3 Bxf5 25.
exf5 Qe7 26. h3 Rac8 27. Qg3 Qf6 28. b4 Re5 29. h4 Rce8 30. f4 Re3 31. Qf2 Re2 32.
Qg3 R8e3 33. Qg5 Qxg5 34. hxg5 Re1+ 0-1

[Event "*** Titled Tuesday Blitz"]
[Site "Chess.com"]
[Date "2019.08.06"]
[Round "6"]
[White "politeplayer"]
[Black "Morscas"]
[Result "1-0"]
[WhiteElo "2241"]
[BlackElo "2173"]
[TimeControl "180+2"]
[EndTime "14:21:53 PDT"]
[Termination "politeplayer won by checkmate"]

1. e4 g6 2. d4 Bg7 3. Nc3 d6 4. f4 a6 5. Nf3 b5 6. e5 Nd7 7. Ng5 c5 8. e6 fxe6 9. Nxe6 Qa5 10.
Nxg7+ Kf7 11. Ne6 Kxe6 12. Qf3 Rb8 13. f5+ gxf5 14. Qd5+ Kf6 15. Bd3 Nb6 16. Qf3 cxd4 17. Bd2 b4 18. Ne4+ Kf7 19. Qh5+ Kf8 20. O-O Qe5 21.
Ng5 Qg7 22. Bxf5 Nf6 23. Bxc8 Rxc8 24. Rxf6+ Qxf6 25. Rf1 Qxf1+ 26. Kxf1 Kg7 27. Qf7+ Kh6 28. Ne6# 1-0

[Event "*** Titled Tuesday Blitz"]
[Site "Chess.com"]
[Date "2019.08.06"]
[Round "6"]
[White "kasparicy"]
[Black "NMZanette"]
[Result "1-0"]
[WhiteElo "2406"]
[BlackElo "2317"]
[TimeControl "180+2"]
[EndTime "14:21:55 PDT"]
[Termination "kasparicy won by resignation"]

1. e4 e5 2. Nf3 Nc6 3. Bc4 Nf6 4. O-O Nxe4 5. Nc3 Nxc3 6. dxc3 Be7 7. Qd5 O-O 8. Nxe5 Nxe5 9. Qxe5 d6 10. Qg3 d5 11.
Bd3 Bf6 12. Bf4 c6 13. Rfe1 Be6 14. Re2 Re8 15. Rae1 Qd7 16. h4 c5 17. Be5 Bxe5 18. Rxe5 c4 19. Bf1 f6 20. R5e3 Bf7 21. Rd1 Rxe3 22.
Qxe3 Qe6 23. Qxe6 Bxe6 24. Be2 Kf7 25. f3 g5 26. hxg5 fxg5 27. Kf2 h5 28. Ke3 h4 29. Kd4 Kf6 30. Rh1 Rd8 31. f4 Bf5 32. fxg5+ Kxg5 33.
Bf3 Bxc2 34. Bxd5 b5 35. Kc5 Bf5 36. Re1 a6 37. Re7 Bc8 38. Rg7+ Kf4 39. a4 Ke3 40. axb5 axb5 41. Bc6 Be6 42. Bxb5 Rc8+ 43. Kb4 Bg8 44. Rg4 Kf2 45. Rxh4 Kxg2 46. Bxc4 Bxc4 47. Rxc4 Rb8+ 48. Ka3 Kf3 49. b4 Ke3 50. Rd4 Rc8 51. Kb3 Rc7 52. b5 Rc5 53. Kb4 Rc8 54. Rd7 Ra8 55. b6 Ra1 56. b7 Rb1+ 57. Kc5 Ke4 58. Kc6 Rb3 59. c4 Rb4 60. c5 Ke5 61. Kc7 1-0

[Event "*** Titled Tuesday Blitz"]
[Site "Chess.com"]
[Date "2019.08.06"]
[Round "6"]
[White "12teen"]
[Black "Witaliss"]
[Result "1-0"]
[WhiteElo "2649"]
[BlackElo "2415"]
[TimeControl "180+2"]
[EndTime "14:21:57 PDT"]
[Termination "12teen won by checkmate"]

1. g3 d5 2. Bg2 c6 3. d3 Nf6 4. Nc3 Bg4 5. h3 Bh5 6. g4 Bg6 7. f4 e6 8. Bd2 Nbd7 9. e4 dxe4 10. dxe4 h6 11. Qe2 Qc7 12. O-O-O O-O-O 13. Nf3 Bb4 14.
f5 Bh7 15. Rhe1 Rhe8 16. Qc4 Bd6 17. Nd4 Ne5 18. Qa4 Bc5 19. Be3 Bb6 20. Kb1 Rd7 21. fxe6 fxe6 22. Bf4 Rf7 23. Nf3 Nfxg4 24. Bg3 Rxf3 25.
Bxf3 Nf6 26. Bg2 Nh5 27. Bh2 g5 28. Rf1 Nf4 29. Bxf4 gxf4 30. Rxf4 Nc4 31. Rh4 Ne3 32.
Rd2 Qg3 33. a3 Qxh4 34. e5 Qe1+ 35. Ka2 Qxd2 36. Bxc6 bxc6 37. Qxc6+ Kd8 38. Qa8+ Ke7 39. Qb7+ Qd7 40. Qf3 Bxc2 41. Qf6# 1-0

[Event "*** Titled Tuesday Blitz"]
[Site "Chess.com"]
[Date "2019.08.06"]
[Round "6"]
[White "MITerryble"]
[Black "hurricane7791"]
[Result "1-0"]
[WhiteElo "2880"]
[BlackElo "2716"]
[TimeControl "180+2"]
[EndTime "14:21:58 PDT"]
[Termination "MITerryble won by resignation"]

1. d4 Nf6 2. Bg5 d5 3. Bxf6 exf6 4. e3 c6 5. c4 dxc4 6. Bxc4 Bd6 7. Nc3 f5 8. Nge2 Nd7 9. O-O Nf6 10. g3 Qe7 11. Rc1 O-O 12. Qc2 g6 13. Rfe1 Kg7 14. Nf4 Re8 15.
Nd3 b6 16. f3 c5 17. e4 fxe4 18. fxe4 Ng4 19. e5 Bb8 20. Bd5 cxd4 21. Bxa8 dxc3 22. Qxc3 Be6 23. Bf3 Nh6 24. Nf4 Rd8 25. Red1 Rxd1+ 26. Rxd1 Nf5 27. Bg4 b5 28. Bxf5 gxf5 29. Rd6 Kh6 30.
Qd2 Qg5 31. Nxe6 Qxd2 32. Rxd2 fxe6 33. Rd6 1-0

[Event "*** Titled Tuesday Blitz"]
[Site "Chess.com"]
[Date "2019.08.06"]
[Round "6"]
[White "Annawel"]
[Black "IMRosen"]
[Result "1-0"]
[WhiteElo "2991"]
[BlackElo "2625"]
[TimeControl "180+2"]
[EndTime "14:22:01 PDT"]
[Termination "Annawel won on time"]

1. e4 c5 2. Nf3 e6 3. d4 cxd4 4. Nxd4 Nc6 5. Nc3 Qc7 6. Be3 a6 7. Qf3 Nxd4 8. Bxd4 Ne7 9. Qg3 Qxg3 10. hxg3 b5 11.
O-O-O Bb7 12. f3 Nc6 13. Be3 Rc8 14. Kb1 Bb4 15. Ne2 Ne5 16. Nf4 Nc4 17. Bxc4 bxc4 18. c3 Be7 19. g4 Bc6 20. Rh5 g6 21. Rh3 Kf8 22. Bd4 Rg8 23. Rxh7 Rb8 24. Kc1 a5 25. Rdh1 d6 26. e5 Bg5 27. Be3 Bxf4 28. Bxf4 dxe5 29. Bxe5 Rc8 30. Bf6 Ke8 31. Rd1 Bd5 32. Kd2 Rc7 33.
Ke3 Rf8 34. Rd2 Kd7 35. Bg7 Rg8 36. Be5 1-0

[Event "*** Titled Tuesday Blitz"]
[Site "Chess.com"]
[Date "2019.08.06"]
[Round "6"]
[White "Nathan_Filgueiras"]
[Black "GremioPrudente"]
[Result "0-1"]
[WhiteElo "2216"]
[BlackElo "2237"]
[TimeControl "180+2"]
[EndTime "14:22:08 PDT"]
[Termination "GremioPrudente won by resignation"]

1. e4 e6 2. d4 d5 3. Nd2 Nf6 4. e5 Nfd7 5. Bd3 c5 6. c3 Nc6 7. Ne2 Qb6 8. O-O cxd4 9. cxd4 Nxd4 10. Nxd4 Qxd4 11. Nb3 Qxe5 12. Re1 Qf6 13. Bb5 Be7 14. Bd2 O-O 15. Bc3 Qh6 16. Nd4 Bd6 17. h3 a6 18. Ba4 b5 19. Bc2 Bb7 20. Nf3 Rac8 21. Rc1 Nc5 22. Bb1 Na4 23. Bd4 Rxc1 24. Qxc1 Qxc1 25.
Rxc1 Rc8 26. Rxc8+ Bxc8 27. Ne5 f6 28. Nd3 e5 29.
Be3 e4 30. Nf4 Bb7 31. b3 Nc3 32. Bc2 Bxf4 0-1

[Event "*** Titled Tuesday Blitz"]
[Site "Chess.com"]
[Date "2019.08.06"]
[Round "6"]
[White "Komissarov_alex"]
[Black "oezs95"]
[Result "0-1"]
[WhiteElo "2169"]
[BlackElo "2368"]
[TimeControl "180+2"]
[EndTime "14:22:11 PDT"]
[Termination "oezs95 won on time"]

1. d4 Nf6 2. Nf3 e6 3. e3 c5 4.
c3 b6 5. Nbd2 Bb7 6. Bd3 cxd4 7.
exd4 Be7 8. O-O O-O 9. Re1 d6 10. Ne4 Nbd7 11. Bf4 Qc7 12. h3 Rfe8 13. Neg5 Bf8 14.
Qc2 h6 15. Nh7 Bxf3 16. Nxf8 Nxf8 17. gxf3 Nd5 18. Bg3 f5 19. c4 Nb4 20. Qd2 Nxd3 21.
Qxd3 Rad8 22. Rad1 Qf7 23. h4 Ng6 24. Kf1 f4 25. h5 Nh8 26. Bh2 Rf8 27. Ke2 Qxh5 28. Rh1 Qf5 29. Rdg1 Qxd3+ 30. Kxd3 g5 0-1

[Event "*** Titled Tuesday Blitz"]
[Site "Chess.com"]
[Date "2019.08.06"]
[Round "6"]
[White "GadimbayliA"]
[Black "temus_galaktionov"]
[Result "1/2-1/2"]
[WhiteElo "2878"]
[BlackElo "2691"]
[TimeControl "180+2"]
[EndTime "14:22:14 PDT"]
[Termination "Game drawn by repetition"]

1. e4 c6 2. Nf3 g6 3. d4 Bg7 4. Nc3 d6 5. a4 Nd7 6. Be2 e5 7. Be3 Ngf6 8. O-O O-O 9. dxe5 dxe5 10. Nd2 Qe7 11. Nc4 Nc5 12. Qd6 Qxd6 13. Nxd6 Ne6 14.
Rad1 b6 15. Nxc8 Raxc8 16. Ba6 Rcd8 17. f3 Nd4 18. Bd3 Rd7 19. Nb1 Rfd8 20. Nd2 Ne8 21. Kf2 Nc7 22. Nc4 Nce6 23. Bxd4 Nxd4 24. Ne3 f6 25. c3 Ne6 26. Bc4 Kf7 27. Rxd7+ Rxd7 28.
Ke2 Ke7 29. g3 Nc5 30. Ra1 Bh6 31. b4 Bxe3 32. Kxe3 Ne6 33. h4 f5 34. Bxe6 Kxe6 35. h5 g5 36. exf5+ Kxf5 37. g4+ Ke6 38. a5 b5 39. Rc1 Rb7 40. Rd1 Rd7 41. Rxd7 Kxd7 42. Kd3 a6 43. c4 h6 44. Kc3 Kd6 45. Kd3 Kd7 46. c5 Ke7 47. Ke3 Kf6 48. Kd3 Ke6 49. Ke4 Kf6 50. Ke3 Ke6 51. Ke4 Kf6 52. Ke3 Kf7 53.
Kd3 Ke7 54. Ke3 Kf7 55. Kd3 Kf6 56. Ke3 1/2-1/2

[Event "*** Titled Tuesday Blitz"]
[Site "Chess.com"]
[Date "2019.08.06"]
[Round "6"]
[White "Walter_White_Poland"]
[Black "chickencrossroad"]
[Result "0-1"]
[WhiteElo "2323"]
[BlackElo "2481"]
[TimeControl "180+2"]
[EndTime "14:22:16 PDT"]
[Termination "chickencrossroad won by resignation"]

1. Nf3 c5 2. e4 d6 3. d4 cxd4 4. Nxd4 Nf6 5. Nc3 a6 6. Bg5 Nbd7 7. f4 Qc7 8. f5 b5 9. Bd3 Bb7 10. Qe2 b4 11. Na4 Qa5 12. b3 Qe5 13. c3 Nxe4 14.
Bxe4 Bxe4 15. O-O-O Rc8 16. Rhe1 Bb7 17. Qf2 Qa5 18.
c4 Ne5 19. Rxe5 dxe5 20. Nc2 f6 21.
Be3 e4 22. Bb6 Qe5 23. Nd4 e3 24. Qe2 g6 25. Ne6 gxf5 26. Bc7 Qxe6 27. Qh5+ Qf7 28. Qxf5 Rxc7 29. c5 0-1

[Event "*** Titled Tuesday Blitz"]
[Site "Chess.com"]
[Date "2019.08.06"]
[Round "6"]
[White "ChessyInstinct"]
[Black "Blitzking642"]
[Result "0-1"]
[WhiteElo "2372"]
[BlackElo "2399"]
[TimeControl "180+2"]
[EndTime "14:22:18 PDT"]
[Termination "Blitzking642 won on time"]

1. d4 Nf6 2. c4 g6 3. Nc3 d5 4.
Bg5 Bg7 5. Bxf6 Bxf6 6. cxd5 O-O 7. Nf3 Bg7 8. e3 Nd7 9. Bc4 a6 10. a4 b6 11. O-O Bb7 12. e4 Nf6 13. Qb3 Nh5 14.
Rad1 Qc8 15. Ne5 Nf4 16. Ne2 Nxe2+ 17. Bxe2 Qd8 18. f4 Qd6 19. Nc4 Qd7 20. f5 Rab8 21. fxg6 hxg6 22. Ne5 Qd6 23. Qg3 Rbd8 24. h4 c5 25.
dxc6 Bxc6 26. Rd3 Bxe4 27. Rdd1 Bc2 28. Rc1 Qxd4+ 29. Qf2 Bxe5 30. Rxc2 Qxa4 31. Qf3 Qxc2 0-1

[Event "*** Titled Tuesday Blitz"]
[Site "Chess.com"]
[Date "2019.08.06"]
[Round "6"]
[White "Keaton87"]
[Black "gena217"]
[Result "0-1"]
[WhiteElo "2636"]
[BlackElo "2923"]
[TimeControl "180+2"]
[EndTime "14:22:20 PDT"]
[Termination "gena217 won by resignation"]

1. Nf3 d5 2. e3 Nf6 3. c4 e6 4.
b3 Bd6 5. Bb2 O-O 6. Nc3 c5 7.
cxd5 exd5 8. d4 Nc6 9. dxc5 Bxc5 10. Be2 Re8 11. O-O Bd6 12. Nb5 Bb8 13. Rc1 a6 14.
Nbd4 Qd6 15. g3 Bh3 16. Re1 Ba7 17. Qc2 Rac8 18. Qb1 Ne4 19. Qa1 Qh6 20. Nxc6 bxc6 21. Bd4 c5 22. Be5 f6 23. Bf4 g5 24. Bxa6 gxf4 25. Bxc8 fxg3 26. Bxh3 gxf2+ 27. Kg2 fxe1=N+ 28. Rxe1 Kf7 29. Ng1 Rg8+ 30. Kf1 c4 31. Bg2 Bxe3 32.
Bxe4 Rxg1+ 33. Ke2 Rxe1+ 34. Qxe1 dxe4 35. bxc4 Bf4 36. Qa5 Qxh2+ 37. Kf1 Qh3+ 38. Ke2 Qd3+ 39. Kf2 Bg3+ 40. Kg2 Qf3+ 41. Kh3 Bf4+ 0-1

[Event "*** Titled Tuesday Blitz"]
[Site "Chess.com"]
[Date "2019.08.06"]
[Round "6"]
[White "sebsep"]
[Black "novocane"]
[Result "1-0"]
[WhiteElo "2118"]
[BlackElo "2173"]
[TimeControl "180+2"]
[EndTime "14:22:21 PDT"]
[Termination "sebsep won by resignation"]

1. e4 c5 2. Nf3 Nc6 3. d4 cxd4 4. Nxd4 e5 5. Nb5 d6 6. N5c3 Nf6 7. f3 Be6 8. Be3 Be7 9. Na3 O-O 10. Bc4 Rc8 11.
O-O a6 12. Nd5 b5 13. Bb3 Nd7 14. c4 bxc4 15. Nxc4 Bg5 16. Bf2 Nd4 17. Nxd6 Rb8 18. Bxd4 exd4 19. Qxd4 Bxd5 20. Bxd5 Bf6 21. Qd3 Ne5 22. Qa3 Rxb2 23. Rad1 Qb6+ 24. Kh1 Be7 25. Bb3 Rd8 26. Qxb2 Bxd6 27. Rd5 Nc4 28. Qf2 Qxf2 29.
Rxf2 Nb6 30. Rd1 Be7 31. Rxd8+ Bxd8 32. Rd2 Be7 33. f4 Kf8 34. Kg1 Bc5+ 35. Kf1 Ke7 36. Ke2 Nd7 37. e5 Nb6 38. Kd3 Bb4 39. Rc2 Nd7 40.
Kc4 a5 41. Kd5 g5 42. f5 Nb6+ 43. Ke4 Nd7 44. f6+ 1-0

[Event "*** Titled Tuesday Blitz"]
[Site "Chess.com"]
[Date "2019.08.06"]
[Round "6"]
[White "kinga2008"]
[Black "Spring199"]
[Result "0-1"]
[WhiteElo "1928"]
[BlackElo "2218"]
[TimeControl "180+2"]
[EndTime "14:22:24 PDT"]
[Termination "Spring199 won by resignation"]

1. e4 e5 2. Nf3 Nc6 3. d4 exd4 4. Bc4 Bc5 5. O-O d6 6. Nbd2 Nf6 7. Nb3 Bb6 8. Nbxd4 Nxd4 9. Nxd4 O-O 10. Bg5 h6 11.
Bh4 Re8 12. Re1 g5 13. Bg3 Rxe4 14. Rxe4 Nxe4 15. Qf3 d5 16. Be5 c6 17. Bd3 Qe7 18. Bxe4 Qxe5 19. Nf5 dxe4 20. Nxh6+ Kg7 21. Qxf7+ Kxh6 22. Re1 Bf5 23. h3 Qe6 24. Qxb7 Rf8 25. g4 Bxg4 26.
hxg4 Bxf2+ 0-1

[Event "*** Titled Tuesday Blitz"]
[Site "Chess.com"]
[Date "2019.08.06"]
[Round "6"]
[White "jposthuma"]
[Black "Eltarolo"]
[Result "1-0"]
[WhiteElo "2424"]
[BlackElo "2314"]
[TimeControl "180+2"]
[EndTime "14:22:24 PDT"]
[Termination "jposthuma won by checkmate"]

1. d4 d5 2. c4 c6 3. Nf3 Nf6 4.
g3 dxc4 5. Bg2 Nbd7 6. O-O Nb6 7. Nc3 Bg4 8. Ne5 e6 9. Nxg4 Nxg4 10. e4 Nf6 11. f4 Bb4 12. f5 exf5 13. Rxf5 O-O 14. Bg5 Be7 15. Bxf6 Bxf6 16. e5 Bg5 17. Kh1 Nd5 18. Qg4 Bh6 19. Bxd5 cxd5 20. Qf3 Qb6 21. Nxd5 Qxd4 22. Rf1 Qd3 23. Ne7+ Kh8 24.
Qf2 Qe4+ 25. Qf3 Qxf3+ 26. R1xf3 f6 27. exf6 gxf6 28. Rxf6 Rxf6 29. Rxf6 Bg7 30. Rf7 Bxb2 31. Nd5 Rd8 32. Rxb7 c3 33. Nf6 Rd1+ 34. Kg2 Rd2+ 35. Kh3 Rd7 36. Rxd7 c2 37. Rxh7# 1-0

[Event "*** Titled Tuesday Blitz"]
[Site "Chess.com"]
[Date "2019.08.06"]
[Round "6"]
[White "LarissaSteenbekkers"]
[Black "ALEXJR20"]
[Result "0-1"]
[WhiteElo "1805"]
[BlackElo "2177"]
[TimeControl "180+2"]
[EndTime "14:22:25 PDT"]
[Termination "ALEXJR20 won by resignation"]

1. e4 c5 2. Nc3 Nc6 3. Bb5 Nd4 4. Nf3 Nxb5 5. Nxb5 a6 6. Nc3 b5 7. d3 Bb7 8. O-O e6 9. Ng5 Be7 10. Nh3 d5 11. Qe1 Nf6 12. f4 b4 13. Nd1 dxe4 14.
dxe4 Bxe4 15. Ng5 Bxc2 16. Ne3 Bd3 17. Rf2 c4 18. f5 Qb6 19. fxe6 fxe6 20. b3 c3 21. Nc4 Bxc4 22. bxc4 Bc5 23. Qxe6+ Qxe6 24. Nxe6 Bxf2+ 25. Kxf2 Kf7 26. Ng5+ Kg6 27. Nf3 Rhe8 28.
Bf4 Ne4+ 29. Kf1 h6 30. Re1 Nc5 31. Ne5+ Kh7 32. Rd1 a5 33. Rd5 Rac8 34. Kg1 a4 0-1

[Event "*** Titled Tuesday Blitz"]
[Site "Chess.com"]
[Date "2019.08.06"]
[Round "6"]
[White "oskariot"]
[Black "ChessQueen"]
[Result "1-0"]
[WhiteElo "2680"]
[BlackElo "2637"]
[TimeControl "180+2"]
[EndTime "14:22:28 PDT"]
[Termination "oskariot won by resignation"]

1. d4 Nf6 2. g3 d5 3. Bg2 e6 4. Nf3 b5 5. O-O Bb7 6. b3 c5 7. c4 dxc4 8. bxc4 cxd4 9. cxb5 Bc5 10. Bb2 e5 11. Nxe5 Bxg2 12. Kxg2 Qb6 13. Qb3 O-O 14.
Nd2 Nbd7 15. Nc6 a6 16. a4 Rfe8 17. Nc4 Qc7 18. Nxd4 Bxd4 19. Bxd4 Rxe2 20. b6 Qb7+ 21. Qf3 Qxf3+ 22. Kxf3 Re4 23. Rfd1 Rb8 24. a5 g5 25. Rac1 g4+ 26. Kg2 Re2 27. Nd6 Ne4 28. Nxe4 Rxe4 29.
Rc7 Ne5 30. b7 Nf3 31. Rc8+ Re8 32. Rxe8+ Rxe8 33. Ba7 1-0

[Event "*** Titled Tuesday Blitz"]
[Site "Chess.com"]
[Date "2019.08.06"]
[Round "6"]
[White "ahachess"]
[Black "ruvat"]
[Result "0-1"]
[WhiteElo "2301"]
[BlackElo "2354"]
[TimeControl "180+2"]
[EndTime "14:22:30 PDT"]
[Termination "ruvat won by resignation"]

1. d4 d6 2. c4 e5 3. dxe5 dxe5 4.
Qxd8+ Kxd8 5. Nc3 Be6 6. e3 Nd7 7. Nf3 f6 8. Be2 c6 9. O-O a5 10. b3 Kc7 11. Bb2 Nc5 12. Rac1 Nh6 13. h3 Nf7 14.
Rfd1 Be7 15. Nd2 Bf5 16. e4 Bg6 17. a3 Rhd8 18. f3 Rxd2 19. Rxd2 Nxb3 20. Rcd1 Nxd2 21. Rxd2 Bc5+ 22. Kh2 Nd6 23. Rc2 a4 24. Bc1 Bf7 25. Kg3 Bd4 26. Nd1 b6 27. Ne3 Bc5 28. Kh2 Nb7 29.
Nd1 Na5 30. Nb2 Nb3 31. Nd3 Nd4 32. Ra2 Bxc4 33. Rb2 Nxe2 34. Nxc5 bxc5 0-1

[Event "*** Titled Tuesday Blitz"]
[Site "Chess.com"]
[Date "2019.08.06"]
[Round "6"]
[White "Amirreza_p"]
[Black "Ravan_02"]
[Result "1-0"]
[WhiteElo "2829"]
[BlackElo "2604"]
[TimeControl "180+2"]
[EndTime "14:22:33 PDT"]
[Termination "Amirreza_p won by checkmate"]

1. d4 Nf6 2. Bf4 g6 3. e3 Bg7 4. h3 O-O 5. Nf3 d6 6. Be2 b6 7.
O-O Bb7 8. Bh2 Nbd7 9. c4 Re8 10.
Nc3 e5 11. d5 a5 12. Nd2 Nc5 13. Qc2 Rf8 14. b3 c6 15. dxc6 Bxc6 16. Rfd1 Qc7 17. a3 Qb7 18. b4 Ne6 19. Bf1 axb4 20. axb4 Ng5 21. b5 Bd7 22. h4 Bf5 23. Bd3 e4 24.
Bf1 Ne6 25. Nb3 Ng4 26. Bxd6 Rxa1 27. Rxa1 Rd8 28. Bg3 Qe7 29. Nd5 Qb7 30. Ra6 Qc8 31. Ne7+ Kh8 32. Nxc8 Rxc8 33. Rxb6 h5 34. Rb8 Rxb8 35.
Bxb8 Bf6 36. b6 Bxh4 37. g3 Be7 38. b7 Ng5 39. Be5+ Kh7 40. Bg2 Nxe5 41. b8=Q Bf6 42. Nd4 Bg4 43. Bxe4 h4 44. gxh4 Nh3+ 45. Kg2 Bxh4 46.
Qxe5 f5 47. Nxf5 Nxf2 48. Qg7# 1-0

[Event "*** Titled Tuesday Blitz"]
[Site "Chess.com"]
[Date "2019.08.06"]
[Round "6"]
[White "GrandGlacier"]
[Black "Irochka83"]
[Result "0-1"]
[WhiteElo "2431"]
[BlackElo "2321"]
[TimeControl "180+2"]
[EndTime "14:22:34 PDT"]
[Termination "Irochka83 won by checkmate"]

1. b3 e5 2. Bb2 Nc6 3. e3 Nf6 4.
Bb5 Bd6 5. Na3 a6 6. Bxc6 dxc6 7. Nc4 Qe7 8. Nxd6+ cxd6 9. d4 e4 10. c4 O-O 11. d5 c5 12. Ne2 Ng4 13. Ng3 f5 14. Qc2 Bd7 15. O-O-O b5 16. Nh5 Rf7 17. h3 Ne5 18. Rhf1 Rb8 19. f4 exf3 20. gxf3 bxc4 21. bxc4 Rb4 22. Rd3 Ba4 23. Qe2 Nxc4 24. Bc3 Qb7 25. Bxb4 Qxb4 26. a3 Qb5 27. Rc3 Rb7 28. Nf6+ gxf6 29.
Rxc4 Qb1+ 30. Kd2 Rb2+ 31. Kc3 Rb3+ 32. Kd2 Rb2+ 33. Kc3 Rc2+ 34. Qxc2 Qxc2# 0-1

[Event "*** Titled Tuesday Blitz"]
[Site "Chess.com"]
[Date "2019.08.06"]
[Round "6"]
[White "Polish_fighter3000"]
[Black "VladDobrov"]
[Result "0-1"]
[WhiteElo "2965"]
[BlackElo "2951"]
[TimeControl "180+2"]
[EndTime "14:22:37 PDT"]
[Termination "VladDobrov won by checkmate"]

1. Nf3 d5 2. c4 d4 3. g3 Nc6 4. d3 e5 5. Bg2 Nf6 6. O-O a5 7. Na3 Be7 8. Nc2 O-O 9. a3 Nd7 10. b3 Rb8 11. Rb1 h6 12. b4 axb4 13. axb4 b5 14. Nh4 Bb7 15. Nf5 Re8 16. e3 Bf6 17.
Qg4 Kf8 18. Nxh6 e4 19. Nf5 exd3 20. Ncxd4 Nxd4 21. exd4 Bxg2 22. Kxg2 bxc4 23. b5 Nb6 24. Ba3+ Kg8 25. Rbe1 Qd5+ 26. Kg1 Rxe1 27. Rxe1 d2 28. Re5 Qa8 29. Nh6+ Kh7 30. Nxf7 Kg8 31. Nh6+ Kh7 32. Rh5 gxh6 33. Qf4 d1=Q# 0-1

[Event "*** Titled Tuesday Blitz"]
[Site "Chess.com"]
[Date "2019.08.06"]
[Round "6"]
[White "PchelkinVK"]
[Black "Lion_DL"]
[Result "1-0"]
[WhiteElo "2538"]
[BlackElo "2346"]
[TimeControl "180+2"]
[EndTime "14:22:38 PDT"]
[Termination "PchelkinVK won by resignation"]

1. d4 Nf6 2. Nc3 d5 3. Bf4 c6 4. Nf3 Bf5 5. e3 h6 6. Ne5 Nbd7 7.
g4 Be6 8. Rg1 g5 9. Bg3 Qb6 10.
Qd2 Nxg4 11. Na4 Qd8 12. Nxd7 Bxd7 13. Nc5 Bc8 14. O-O-O Bg7 15. f3 Nf6 16. Be5 b6 17. Na6 Bxa6 18. Bxa6 Qd7 19. h4 Nh5 20. hxg5 hxg5 21.
Bxg7 Nxg7 22. Rxg5 Ne6 23. Rg3 Nc7 24. Bd3 O-O-O 25.
Rdg1 Kb7 26. c3 Rh3 27. e4 Rdh8 28. Qf4 Rxg3 29. Rxg3 Rh1+ 30. Kd2 Rh2+ 31. Be2 dxe4 32. fxe4 f6 33. Rg7 Rh8 34. Qxf6 exf6 35. Rxd7 Rh4 36. Ke3 Kc8 37. Rf7 Rh6 38. Bg4+ Kd8 39. Rd7+ 1-0

[Event "*** Titled Tuesday Blitz"]
[Site "Chess.com"]
[Date "2019.08.06"]
[Round "6"]
[White "eljanov"]
[Black "sergoy"]
[Result "1-0"]
[WhiteElo "2814"]
[BlackElo "2841"]
[TimeControl "180+2"]
[EndTime "14:22:40 PDT"]
[Termination "eljanov won by resignation"]

1. Nf3 Nf6 2. g3 g6 3. Bg2 Bg7 4. O-O O-O 5. c4 c6 6. b3 Ne4 7.
d4 d5 8. Bb2 Bf5 9. e3 a5 10.
Nc3 Nxc3 11. Bxc3 Be4 12. Qe2 Nd7 13. Bh3 a4 14. Rfd1 Nf6 15. Ne5 Qb6 16. f3 Bf5 17. Bxf5 gxf5 18. b4 dxc4 19. Nxc4 Qb5 20. a3 Nd5 21.
Bd2 Rad8 22. Rac1 e6 23. Kf2 Qa6 24. Nb2 Qa7 25. Nd3 Nc7 26. Rc5 Nb5 27. Bc1 Rd5 28. Qc2 Rfd8 29. Bb2 R5d7 30. h3 Bf8 31. g4 Qb8 32.
Kg2 Bxc5 33. Nxc5 Rd5 34. Qf2 e5 35. e4 R5d6 36. exf5 exd4 37. Ne4 Rd5 38. Qh4 Qe5 39. Re1 Kh8 40. Nf6 1-0

[Event "*** Titled Tuesday Blitz"]
[Site "Chess.com"]
[Date "2019.08.06"]
[Round "6"]
[White "JMatias"]
[Black "Nancy11111"]
[Result "1-0"]
[WhiteElo "2453"]
[BlackElo "2320"]
[TimeControl "180+2"]
[EndTime "14:22:40 PDT"]
[Termination "JMatias won by resignation"]

1. c4 e6 2. g3 d5 3. Bg2 c6 4. Nf3 Nf6 5. O-O Bd6 6. cxd5 exd5 7. Nc3 O-O 8. d3 Nbd7 9. e4 dxe4 10. dxe4 Ne5 11.
h3 Re8 12. Nxe5 Bxe5 13. Qxd8 Rxd8 14. f4 Bxc3 15. bxc3 Be6 16. g4 Rd3 17. Rf3 Rad8 18. f5 Bc4 19. Bg5 Rd1+ 20. Rxd1 Rxd1+ 21. Kh2 Nxe4 22. Re3 Nd6 23. f6 h6 24. Bf4 Bxa2 25. Re7 Bb3 26. Rd7 Ne8 27. Rxb7 Be6 28. Rb8 Kf8 29. fxg7+ Kxg7 30. Rxe8 Rd3 31. Be5+ f6 32. Rxe6 fxe5 33. Rxc6 Rd2 34.
Rc7+ Kf6 35. Rxa7 e4 36. Ra1 e3 37. Re1 Rd3 38. c4 Ke5 39. Bd5 Kf4 40. Bg2 Rc3 41. Rf1+ Ke5 42. Rf5+ Kd4 43. Rf6 e2 44.
Re6 Rc2 45. Kg3 Kxc4 46. Rxe2 Rc3+ 47. Kh4 Kd4 48. Kh5 Kd3 49. Re6 Rc2 50. Rxh6 Rxg2 51.
g5 Ke4 52. Rf6 Ke5 53. Rf1 Ke6 54. g6 Ra2 55. h4 Ra8 56. Kg5 Ra5+ 57. Kh6 Ra8 58.
g7 Ke7 59. Kh7 Ra4 60. h5 1-0

[Event "*** Titled Tuesday Blitz"]
[Site "Chess.com"]
[Date "2019.08.06"]
[Round "6"]
[White "colegiodemadrid"]
[Black "Giraffe_Chess"]
[Result "1-0"]
[WhiteElo "2347"]
[BlackElo "2378"]
[TimeControl "180+2"]
[EndTime "14:22:40 PDT"]
[Termination "colegiodemadrid won by checkmate"]

1. e4 c5 2. Nf3 Nc6 3. d4 cxd4 4. Nxd4 Nf6 5. Nc3 d6 6. Bc4 e5 7. Nf5 Be6 8. Qe2 g6 9. Ne3 Nd4 10. Qd3 Bxc4 11. Nxc4 b5 12. Ne3 a6 13. O-O Rc8 14.
a3 Bg7 15. f4 O-O 16. Kh1 Nd7 17.
Ned5 Nc5 18. Qd1 exf4 19. Bxf4 Re8 20. Be3 Nc6 21. Qe1 Nxe4 22. Bb6 Nxc3 23. Qf2 Qd7 24. bxc3 Ne5 25. Bd4 Qe6 26. Nf6+ Bxf6 27. Qxf6 Qxf6 28.
Rxf6 Re6 29. Rff1 Nc6 30. Bg1 Ne7 31. a4 Rxc3 32. axb5 axb5 33. Ra8+ Rc8 34. Ra5 Rxc2 35.
Rxb5 Nf5 36. g4 Ne3 37. Re1 Nxg4 38. Rb8+ Kg7 39. Bd4+ Ne5 40. Rb6 f6 41. Rb7+ Nf7 42.
Rxe6 Rc1+ 43. Kg2 Rc2+ 44. Kg3 Rd2 45. Bxf6+ Kh6 46. Rxf7 d5 47. h4 d4 48. Bg5+ Kh5 49. Rxh7# 1-0

[Event "*** Titled Tuesday Blitz"]
[Site "Chess.com"]
[Date "2019.08.06"]
[Round "6"]
[White "PNEPaul"]
[Black "AlexanderKing"]
[Result "0-1"]
[WhiteElo "1752"]
[BlackElo "2643"]
[TimeControl "180+2"]
[EndTime "14:22:43 PDT"]
[Termination "AlexanderKing won by resignation"]

1. e4 e5 2. Nf3 Nc6 3. Bc4 Nf6 4. Ng5 d5 5. exd5 Na5 6. d3 h6 7. Nf3 e4 8. dxe4 Nxc4 9. Qd4 Nd6 10. e5 Nf5 11. Qa4+ Bd7 12. Qb3 Ne4 13. c4 Bc5 14. O-O g5 15. Nc3 Nxf2 16. Rxf2 g4 17. e6 fxe6 18.
dxe6 Bc6 19. Ne5 Bxf2+ 20. Kxf2 Qd4+ 21. Kf1 Qxe5 22. Bd2 Rf8 23. Kg1 O-O-O 24. Nd5 Bxd5 25. cxd5 Qxd5 26. Bc3 Qxb3 27. axb3 Kb8 28. Bb4 Rfe8 29.
Rf1 Nd4 30. e7 Rc8 31. g3 b6 32. Bc3 Nc6 33. Bf6 Nxe7 34. Bg7 h5 35. Bf6 Nd5 36. Bg5 Re2 37. Rd1 Nb4 38. Bf6 Rce8 39.
Kf1 Nc2 40. h4 Re1+ 41. Rxe1 Nxe1 0-1

[Event "*** Titled Tuesday Blitz"]
[Site "Chess.com"]
[Date "2019.08.06"]
[Round "6"]
[White "tgpgoat"]
[Black "boasovietica"]
[Result "0-1"]
[WhiteElo "1961"]
[BlackElo "2454"]
[TimeControl "180+2"]
[EndTime "14:22:43 PDT"]
[Termination "boasovietica won by checkmate"]

1. Nf3 c5 2. e4 g6 3. c4 Bg7 4.
d4 cxd4 5. Nxd4 Nc6 6. Be3 Nf6 7. Nc3 d6 8. Be2 Nxd4 9. Bxd4 O-O 10. O-O Bd7 11. Rc1 Bc6 12. f3 Nd7 13. Be3 a5 14. b3 Nc5 15. Qd2 Qb6 16. Rfd1 a4 17. Rb1 axb3 18. axb3 Ra3 19. Nb5 Bxb5 20. cxb5 Qc7 21.
Bc4 Rfa8 22. Qd5 Ne6 23. f4 Ra2 24. f5 Nd8 25. b6 Qc6 26. b4 Rc2 27. Bg5 Qxc4 28.
Bxe7 Qxd5 29. Rxd5 Nc6 30. Bxd6 Raa2 31. b5 Rxg2+ 32. Kh1 Nd4 33. Rd1 Nf3 34. Bg3 Rxh2+ 35. Bxh2 Rxh2# 0-1